 Dungeon Crawl Stone Soup version 0.17-a0-1430-g49fde19 (webtiles) character file.

27 hexophile the Firebug (level 3, -6/28 HPs)
             Began as a Naga Fire Elementalist on June 25, 2015.
             Mangled by Natasha (7 damage)
             ... on level 2 of the Dungeon.
             The game lasted 00:07:14 (1189 turns).

hexophile the Firebug (Naga Fire Elementalist)      Turns: 1189, Time: 00:07:14

Health: -6/28      AC:  1    Str: 10    XL:     3   Next: 10%
Magic:  4/6        EV: 10    Int: 16    God:
Gold:   62         SH:  0    Dex: 11    Spells: 2 memorised, 2 levels left

rFire  . . .     SeeInvis +     n - +2 spear (venom)
rCold  + . .     Clarity  .     a - +0 robe
rNeg   . . .     SustAt   .     (no shield)
rPois  +         Gourm    .     (no helmet)
rElec  .         Spirit   .     o - -2 cloak (curse)
rCorr  .         Warding  .     (no gloves)
rMut   .         Stasis   .     (no barding)
MR     .....                    (no amulet)
Stlth  ++........               (no ring)
                                m - ring of protection from cold

@: very slow, not resistant to hostile enchantments, unstealthy
A: see invisible, deformed body, poison resistance, slowness 2, slow metabolism
1, spit poison 2, AC +1
a: Spit Poison


You were on level 2 of the Dungeon.
You were not hungry.

You visited 1 branch of the dungeon, and saw 2 of its levels.

You collected 62 gold pieces.

Inventory:

Hand weapons
 d - a +0 dagger of venom
 n - a +2 spear of venom (weapon)
 s - a +1 dagger of holy wrath
Armour
 a - a +0 robe (worn)
 o - a cursed -2 cloak (worn)
Jewellery
 m - a ring of protection from cold (left hand)
Scrolls
 e - 4 scrolls of identify {unknown}
 f - a scroll of magic mapping {unknown}
 g - a scroll of remove curse {unknown}
 h - 2 scrolls of recharging {unknown}
 j - a scroll of fear {unknown}
 k - 2 scrolls of enchant armour {unknown}
 l - a scroll of teleportation {unknown}
Potions
 i - a potion of degeneration {unknown}
Books
 b - a book of Flames

   Spells                             Type                      Level
   a - Flame Tongue                   Conjuration/Fire             1
   b - Throw Flame                    Conjuration/Fire             2
   c - Conjure Flame                  Conjuration/Fire             3
   d - Inner Flame                    Hexes/Fire                   3
   e - Sticky Flame                   Conjuration/Fire             4
   f - Fireball                       Conjuration/Fire             5
Comestibles
 c - a bread ration
 p - a beef jerky
 q - 4 chunks of flesh
 r - 2 inedible chunks of flesh


   Skills:
 - Level 1.7 Dodging
 - Level 3.3 Stealth
 + Level 2.0 Spellcasting
 * Level 1.6 Conjurations
 * Level 3.6 Fire Magic


You had 2 spell levels left.
You knew the following spells:

 Your Spells              Type           Power        Failure   Level  Hunger
a - Flame Tongue          Conj/Fire      #....        10%         1    #......
b - Conjure Flame         Conj/Fire      #.......     21%         3    ###....


Dungeon Overview and Level Annotations

Branches:
Dungeon (2/15)

Altars:

Annotations:
D:2 Natasha


Innate Abilities, Weirdness & Mutations

You cannot wear boots.
Your serpentine skin is tough (AC +1).
You have supernaturally acute eyesight.
Armour fits poorly on your strangely shaped body.
Your system is resistant to poisons.
You cover ground very slowly.
You have a slow metabolism.
You can spit poison.


Message History

Aim: Natasha (lightly wounded, poisoned)
You hit Natasha but do no damage.
Natasha looks even sicker.
Natasha is lightly wounded.
Natasha gestures.
You have a terrible headache.
Natasha barely misses you.
Attack whom?
Press: ? - help, Dir - move target cursor, f/p - Natasha
Aim: Natasha (lightly wounded, poisoned)
You hit Natasha.
Natasha is heavily wounded.
The crimson imp blinks!
Natasha claws you!
* * * LOW HITPOINT WARNING * * *
Casting: Conjure Flame
Confirm with . or Enter, or press ? or * to list all spells.
Aiming: Flame Tongue
Press: ? - help, Shift-Dir - straight line, f/p - Natasha
Aim: Natasha (heavily wounded, poisoned)
The flame tongue misses Natasha.
The crimson imp blinks!
Natasha claws you!
You die...

####### ##########
....... ###.........
....... #..†........
§...... #...........
....... #.............
.......###........#....
......h...###.....#.....
......§@..........#.....
........................
.............#....#.....
.............#..........
.....#.......#..........
.....#.......##.........
.... #.......##.)...##.
.... ######+###.....#
... ###...#


You could see Natasha.

Vanquished Creatures
  An adder (D:2)
  2 ball pythons
  2 goblins
  3 hobgoblins
  A bat (D:1)
  2 giant newts
  10 kobolds
21 creatures vanquished.

Notes
Turn   | Place    | Note
--------------------------------------------------------------
     0 | D:1      | hexophile the Naga Fire Elementalist began the quest for the Orb.
     0 | D:1      | Reached XP level 1. HP: 15/15 MP: 3/3
   629 | D:1      | Reached XP level 2. HP: 22/22 MP: 1/5
  1156 | D:2      | Reached XP level 3. HP: 25/28 MP: 6/6
  1162 | D:2      | Learned a level 3 spell: Conjure Flame
  1180 | D:2      | Noticed Natasha
  1188 | D:2      | HP: 1/28 [Natasha (10)]
  1189 | D:2      | Mangled by Natasha

Vault maps used:
D:1:      mrwooster_arrival_statue_3, bh_walls_and_bars
D:2:      grunt_temple_overflow_order_and_chaos_2,
          grunt_temple_overflow_growth_and_decay, grunt_ministairs_4, uniq_iyjb,
          uniq_natasha

Action                   || total
-------------------------++-------
Melee: Dagger            ||     8
       Spear             ||    28
 Cast: Flame Tongue      ||    18
       Conjure Flame     ||     1
 Abil: Spit Poison       ||     3
 Stab: Sleeping          ||     3
  Eat: Chunk             ||     1
